[Event "Czech Championship Women 2022"]
[Site "Jaromerice nad Rokytnou"]
[Date "2022.05.24"]
[Round "2.4"]
[White "Lhotska, Anna"]
[Black "Koubova, Anna Marie"]
[Result "1-0"]
[ECO "B13"]
[WhiteElo "2029"]
[BlackElo "2115"]
[Annotator "TA"]
[PlyCount "81"]
[EventDate "2022.05.24"]
[EventType "tourn"]
[EventCountry "CZE"]
[SourceTitle "playchess.com"]
[Source "ChessBase"]
[SourceQuality "1"]
[TimeControl "40/5400+30:1800+30"]

1. e4 c6 2. d4 d5 3. exd5 cxd5 4. Bd3 Nc6 5. c3 Qc7 6. Be3 {[%emt 0:00:38] B13: Caro-Kann: Exchange Variation and Panov-Botvinnik Attack.} Nf6 7. h3 e6 8. Nf3 {[%emt 0:00:27] The position is equal.} Bd6 9. Nbd2 O-O 10. O-O Rb8 {[%emt 0:01:49] [#]} 11. Rc1 $146 ({Predecessor:} 11. Qe2 Bd7 12. Bg5 Be7 13. Ne5 b5 14. Bf4 Bd6 15. Nxd7 Nxd7 16. Bxd6 Qxd6 17. Bxb5 {1-0 (50) Svane,F (2159)-Stork,O (1997) Willingen 2017}) 11... b5 12. b4 Ne7 13. Bg5 Nd7 14. Re1 f6 15. Bh4 e5 (15... Nb6 $11) 16. dxe5 $1 $16 {[%emt 0:05:03] White is more active.} fxe5 {[%emt 0:08:02] [#]} (16... Nxe5 $142 17. Bc2 N5g6) 17. Qb3 ({White should play} 17. Nd4 $1 ) 17... Nf6 ({Black should try} 17... Nb6) 18. Ne4 Be6 $2 {[%emt 0:31:42] Loses the game.} (18... Bf5 $16) 19. Nxd6 $18 Qxd6 20. Rxe5 {[%emt 0:00:59] Hoping for Rce1.} Nd7 $2 (20... Ng6 21. Bxg6 hxg6) 21. Re2 Nc6 $2 (21... Rxf3 22. gxf3 Qf4) 22. Bg3 Qe7 23. Bxb8 {[%emt 0:01:23][%cal Oc1e1] Rce1! is the strong threat.} Ncxb8 24. Nd4 Qg5 25. Qc2 Bxh3 26. f3 Ne5 27. Rxe5 Qxe5 28. gxh3 Qe3+ 29. Kh1 Nc6 30. Bxh7+ Kh8 31. Rf1 ({Not} 31. Nxc6 Rxf3 32. Bf5 Rf2 $18) 31... Nxd4 32. cxd4 Rxf3 (32... Qxd4 $142 33. a3 Qc4) 33. Rxf3 Qxf3+ 34. Kh2 Qf4+ 35. Kg2 {[%emt 0:00:22] Threatens to win with Bg6.} Qxd4 36. Bg6 {[%emt 0:00:31][%cal Rc2c8] White mates.} Qc4 37. Qxc4 bxc4 38. Kf3 d4 39. Ke4 d3 40. Kd4 d2 41. Bc2 {[%emt 0:30:06] Weighted Error Value: White=0.46/Black=0.43} 1-0

[Event "Czech Championship Women 2022"]
[Site "Jaromerice nad Rokytnou"]
[Date "2022.05.24"]
[Round "2.5"]
[White "Sikorova, Olga"]
[Black "Novosadova, Kristyna"]
[Result "1-0"]
[ECO "A26"]
[WhiteElo "2173"]
[BlackElo "2147"]
[Annotator "TA"]
[PlyCount "65"]
[EventDate "2022.05.24"]
[EventType "tourn"]
[EventCountry "CZE"]
[SourceTitle "playchess.com"]
[Source "ChessBase"]
[SourceQuality "1"]
[TimeControl "40/5400+30:1800+30"]

1. c4 f5 2. Nc3 Nc6 3. g3 g6 4. Bg2 Bg7 5. d3 Nf6 6. e4 d6 7. Nge2 O-O 8. O-O e5 9. Nd5 Nh5 10. Rb1 {[%emt 0:05:06] A26: English Opening vs King's Indian with ...Nc6 and d3.} Be6 ({Black should try} 10... f4 $11 11. f3 Ne7) 11. b4 Qd7 12. b5 {[%emt 0:04:36] White is slightly better.} Nd8 13. exf5 {[%emt 0:11:53] [#]} gxf5 $146 {[%emt 0:09:24] [#]} (13... Bxf5 $14 14. Nec3 Nf6) ({Predecessor:} 13... Bxf5 14. Nec3 c6 15. bxc6 bxc6 16. Ne3 Be6 17. Ne4 Nf7 18. Ba3 Nf6 19. h4 Nxe4 20. dxe4 {½-½ (30) Flores,D (2599)-Roselli Mailhe,B (2423) Mar del Plata 2012}) 14. f4 {[%emt 0:03:02] White is more active.} (14. Nd4 $1 $16 exd4 15. Qxh5) 14... c6 $14 15. bxc6 bxc6 16. Ne3 Nf6 {[%emt 0:10:19] [#]} (16... Rc8 $14) 17. fxe5 (17. d4 $1 $16 ) 17... dxe5 18. d4 {[%emt 0:01:07] Threatens to win with d5.} exd4 (18... Ng4 $1 $14) 19. Nxd4 $16 Ng4 (19... Ne4 $16 20. Bb2 (20. Ndxf5 Qxd1 21. Ne7+ Kh8 $14) 20... Rb8) 20. Nxe6 $18 Qxe6 21. Nxg4 fxg4 22. Rxf8+ (22. Re1 $18 {is more deadly.} Be5 23. Bf4) 22... Bxf8 $16 23. Bf4 Nf7 24. Qa4 Bc5+ 25. Kh1 Rc8 26. Qa5 $36 {[%emt 0:02:58][%mdl 2048] Keeping Black busy.} Qxc4 {[%emt 0:12:35][%mdl 8192] Loses the game.} (26... Bd4 $16) 27. Rc1 $18 Bb4 {[%emt 0:10:27] And now ...Qxc1+ would win.} 28. Qf5 ({Not} 28. Rxc4 Bxa5 29. Bxc6 (29. Rxc6 Rxc6 30. Bxc6 h5 $14) 29... Kf8 $14) 28... Qa6 29. Qxg4+ Kf8 30. Rf1 c5 31. Bd6+ Qxd6 32. Qxc8+ Kg7 33. Qb7 {[%emt 0:00:51][%csl LRa7,LRf7] Weighted Error Value: White=0.23 (precise) /Black=1.16} 1-0

[Event "Czech Championship Women 2022"]
[Site "Jaromerice nad Rokytnou"]
[Date "2022.05.24"]
[Round "3.1"]
[White "Novosadova, Kristyna"]
[Black "Pilsova, Karolina"]
[Result "0-1"]
[ECO "C56"]
[WhiteElo "2147"]
[BlackElo "2229"]
[Annotator "TA"]
[PlyCount "72"]
[EventDate "2022.05.24"]
[EventType "tourn"]
[EventCountry "CZE"]
[SourceTitle "playchess.com"]
[Source "ChessBase"]
[SourceQuality "1"]
[TimeControl "40/5400+30:1800+30"]

1. e4 e5 2. Nf3 Nc6 3. Bc4 Nf6 4. d4 exd4 5. e5 d5 6. Bb5 Nd7 7. O-O Be7 8. e6 fxe6 9. Bxc6 bxc6 10. Nxd4 {[%emt 0:00:10] C56: Two Knights: 4 d4 exd4 5 0-0 Nxe4.} Nb8 11. Qh5+ g6 12. Qh6 {[%emt 0:18:47] Black is slightly better.} c5 (12... Bf8 $5 13. Qf4 Bd6 $17) 13. Nf3 Nc6 {[%emt 0:02:49] [#]} 14. Re1 $146 ({Predecessor:} 14. a3 Bf8 15. Qe3 Qd6 16. Re1 Bg7 17. Nbd2 O-O 18. Ng5 Nd4 19. Qd3 c4 20. Nxc4 dxc4 21. Qxc4 {0-1 (26) Hernandez,O (947)-Nospers,C (1281) LSS email 2011}) 14... Nd4 15. Nxd4 cxd4 16. Bf4 Bf8 $36 {[%emt 0:09:48][%mdl 2048] White is under pressure.} 17. Qh3 {[%emt 0:00:31] [#] Threatens to win with Be5.} Bd6 18. Be5 (18. Bxd6 $11 cxd6 19. Qf3 (19. Rxe6+ $2 Kf7 $19)) 18... O-O $17 {[%emt 0:14:28] Hoping for ...Bxe5.} 19. Nd2 (19. Qg3 $142) 19... Qg5 20. Bxd6 cxd6 21. Rad1 Qf4 (21... e5 $142 22. Qa3 Qf6) 22. Qg3 ({White should play} 22. Qa3) 22... e5 23. Qxf4 Rxf4 24. g3 Rf7 {[%emt 0:00:52][%cal Bf4f7,Bf7c7,Bc7c2,Bc2b2][%mdl 32] White must now prevent ...Rb8.} 25. f4 Bg4 ({Stronger than} 25... exf4 26. Re8+ Kg7 27. Nb3 $15) 26. fxe5 $2 (26. Rb1 {is tougher.}) 26... Bxd1 $19 {[%emt 0:11:12] Black is clearly winning.} 27. e6 {[%emt 0:00:07] [#]} Rc7 28. Rxd1 Rxc2 {[%emt 0:00:15][%mdl 4096] Endgame KRR-KRN} 29. Nf3 Rxb2 30. Nxd4 Re8 31. a3 Kg7 32. g4 Kf6 33. Re1 a6 34. h4 h6 {[%emt 0:01:07] Against g5+} 35. a4 (35. Nc6 $142) 35... Ra2 36. a5 Ra4 {[%emt 0:00:34] Weighted Error Value: White=0.38/Black=0.07 (flawless)} 0-1

[Event "Czech Championship Women 2022"]
[Site "Jaromerice nad Rokytnou"]
[Date "2022.05.24"]
[Round "3.2"]
[White "Koubova, Anna Marie"]
[Black "Sikorova, Olga"]
[Result "1-0"]
[ECO "B41"]
[WhiteElo "2115"]
[BlackElo "2173"]
[Annotator "TA"]
[PlyCount "79"]
[EventDate "2022.05.24"]
[EventType "tourn"]
[EventCountry "CZE"]
[SourceTitle "playchess.com"]
[Source "ChessBase"]
[SourceQuality "1"]
[TimeControl "40/5400+30:1800+30"]

1. d4 Nf6 2. c4 e6 3. Nf3 c5 4. Nc3 cxd4 5. Nxd4 a6 6. e4 Qc7 7. Be2 b6 8. O-O Bb7 {[%emt 0:02:31] B41: Sicilian: Kan Variation: 5 c4.} 9. Bd3 Nc6 {[%emt 0:05:03] [#]} (9... Bd6 $5 ) 10. Nf3 $146 ({Predecessor:} 10. Nxc6 Bxc6 11. Qe2 Bd6 12. Kh1 e5 13. Nd5 Bxd5 14. cxd5 b5 15. a4 bxa4 16. Rxa4 {½-½ (33) Kundrik,P (2233)-Spacek,O (2218) Slovakia 2019}) 10... Bd6 {[%emt 0:11:58] The position is equal.} 11. h3 Ne5 12. Be3 h5 (12... O-O $11) 13. Nxe5 $16 Bxe5 14. Na4 {[%emt 0:01:20] Black must now prevent f4.} Nxe4 15. Nxb6 Rb8 16. Rc1 Nf6 {[%emt 0:09:34] Against Nd5} (16... Bxb2 $11 {remains equal.} 17. Rb1 Be5) 17. Be2 (17. Qe2 $1 $16) 17... g5 {[%emt 0:05:57] Against f4} (17... Bxb2 $11 18. Rb1 Ba3) 18. b4 (18. c5 $1 $14) 18... g4 $15 19. h4 {[%emt 0:00:14] [#]} ({Don't blunder} 19. f3 $2 gxh3 20. Rf2 Ng4 $1 21. Qxd7+ Qxd7 $19) 19... Ne4 (19... Bxg2 $1 $15 20. Kxg2 (20. Nd5 exd5) 20... Rxb6 21. Bxb6 Qxb6) 20. c5 $11 Bc6 $2 (20... Qc6 $11 {and Black has nothing to worry.} 21. f3 Ng3) 21. Qe1 $2 ({White should try} 21. Bxa6 $18 {And now b5 would win.} Bh2+ 22. Kh1) 21... Bf6 $2 {[%emt 0:03:33][%mdl 8192] White stays focused until the end.} (21... g3 $1 $15 {keeps the upper hand.} 22. Bf3 (22. Bxa6 $2 gxf2+ 23. Rxf2 Bh2+ 24. Kh1 Rg8 $19) (22. f3 $2 Qd8 $19) 22... gxf2+ 23. Bxf2 f5) 22. Bd3 Rxb6 $2 (22... Bxh4 23. Bxe4 Bxe4) 23. cxb6 $18 Qb7 24. Bxe4 Bxe4 25. Rc7 Qd5 26. Qd1 Bd3 27. Re1 O-O 28. Rc5 Qe4 29. Bh6 Qxb4 30. Bxf8 Kxf8 31. b7 {[%emt 0:01:03] Hoping for Rc8+.} ({Less strong is} 31. Qxd3 Qxe1+ 32. Qf1 Qb4 $16) 31... Kg7 32. b8=Q Qxb8 33. Qxd3 g3 34. fxg3 Qb6 35. Qe3 {[%emt 0:00:27][%cal Oc5g5] Intending Rg5+! and mate.} d5 36. Kh1 {[%emt 0:00:40] aiming for Rf1.} d4 {[%emt 0:00:50] [#]} 37. Rg5+ $1 Kf8 38. Qa3+ Be7 {[%emt 0:00:02] [#]} 39. Rg8+ $3 Kxg8 40. Qxe7 {[%emt 0:00:08] Weighted Error Value: White=0.43/Black=0.99} 1-0

[Event "Czech Championship Women 2022"]
[Site "Jaromerice nad Rokytnou"]
[Date "2022.05.24"]
[Round "3.3"]
[White "Trasakova, Adela"]
[Black "Lhotska, Anna"]
[Result "0-1"]
[ECO "D02"]
[WhiteElo "1842"]
[BlackElo "2029"]
[Annotator "TA"]
[PlyCount "72"]
[EventDate "2022.05.24"]
[EventType "tourn"]
[EventCountry "CZE"]
[SourceTitle "playchess.com"]
[Source "ChessBase"]
[SourceQuality "1"]
[TimeControl "40/5400+30:1800+30"]

1. d4 d5 2. Nf3 Nf6 3. g3 e6 4. Bg2 b5 5. O-O Nbd7 6. a4 b4 7. c4 {[%emt 0:00:57] D02: 1 d4 d5 2 Nf3 sidelines, including 2...Nf6 3 g3 and 2...Nf6 3 Bf4.} bxc3 8. Nxc3 {[%emt 0:01:34] 8.Nxc3 scores better than 8.bxc3.} Be7 9. Bf4 {[%emt 0:03:09] The position is equal.} c6 {[%emt 0:00:28] Against Nb5} 10. a5 Ba6 11. Qa4 Rc8 12. Rfc1 O-O 13. b4 {[%emt 0:02:54] [#]} h6 $146 ({Predecessor:} 13... Ne4 14. Nxe4 dxe4 15. Ne5 Nxe5 16. dxe5 Bb5 17. Qb3 Bxe2 18. Bxe4 Bb5 19. Be3 Rc7 {½-½ (39) Fridman,D (2601)-Delorme,A (2480) Tornelo INT 2021}) 14. b5 cxb5 15. Nxb5 Rxc1+ 16. Rxc1 g5 17. Bc7 Qa8 18. Be5 (18. Ne5 $11) 18... Rc8 $17 {[%emt 0:08:04] White is on the road to losing.} 19. Rc7 (19. Rb1 $142) 19... Bd8 $1 20. Rxc8 ({Much worse is} 20. Rxa7 Qc6 21. Nc3 (21. Bxf6 $2 Bxb5 22. Qb4 Bxf6 $19) 21... Qxc3) 20... Qxc8 21. Bf1 $2 {[%emt 0:02:45] [#]} (21. Bxf6 $17 {was the only defense.} Nxf6 22. Ne5) 21... Qc6 $1 $19 22. e3 {[%emt 0:00:51] [#]} Ne4 {[%emt 0:02:02] Hoping for ...Qc1.} ({Stronger than} 22... Qc1 23. Bxf6 Nxf6 24. Ne5 $17) 23. g4 Qc1 24. Bg3 (24. Qb3 $142) 24... Qb1 {[%emt 0:10:05][%cal Oh6h5] ...h5! is the strong threat.} 25. h3 (25. Kg2 $142 Nc3 26. Nd2 Qxf1+ 27. Nxf1 Nxa4 28. Nxa7) 25... Ndf6 26. Kg2 Nxg3 27. fxg3 Qb2+ 28. Kh1 Qf2 29. Bg2 Ne4 30. Nd6 Nxd6 31. Qc6 Bf1 {[%emt 0:00:23] Black mates.} 32. Bxf1 Qxf1+ 33. Ng1 Ne4 34. Qe8+ Kg7 35. Qxd8 Nxg3+ 36. Kh2 Qf2# {[%emt 0:00:10] Weighted Error Value: White=0.70/Black=0.03 (flawless)} 0-1

[Event "Czech Championship Women 2022"]
[Site "Jaromerice nad Rokytnou"]
[Date "2022.05.24"]
[Round "3.4"]
[White "Richterova, Natasa"]
[Black "Petrova, Kristyna"]
[Result "1/2-1/2"]
[ECO "A13"]
[WhiteElo "2181"]
[BlackElo "2264"]
[Annotator "TA"]
[PlyCount "75"]
[EventDate "2022.05.24"]
[EventType "tourn"]
[EventCountry "CZE"]
[SourceTitle "playchess.com"]
[Source "ChessBase"]
[SourceQuality "1"]
[TimeControl "40/5400+30:1800+30"]

1. Nf3 d5 2. c4 e6 3. e3 Nf6 4. Nc3 Be7 5. b3 O-O 6. Bb2 c5 7. cxd5 exd5 8. d4 Nc6 9. Be2 Bg4 10. O-O Bxf3 {[%emt 0:07:04] A13: English Opening: 1...e6.} 11. Bxf3 {[%emt 0:04:49] Black must now prevent dxc5.} cxd4 12. exd4 Re8 13. Re1 Qd7 {[%emt 0:02:00] [#]} 14. a3 $146 ({Predecessor:} 14. Re3 Bd6 15. g3 Bc7 16. Kg2 Rad8 17. Qd3 h5 18. Rae1 Rxe3 19. Rxe3 h4 20. Na4 {0-1 (37) Roberson,P (2420)-Hong,A (2390) Chess.com INT 2019}) 14... Qf5 15. b4 Bd6 {[%emt 0:03:46] [#] aiming for ...Rxe1+.} 16. Nb5 Rxe1+ 17. Qxe1 Re8 18. Qb1 Qxb1+ 19. Rxb1 Bb8 20. g3 a6 21. Nc3 Nxd4 22. Bg2 Nc6 (22... Ba7 $1 $11) 23. Nxd5 $14 Nxd5 24. Bxd5 {[%emt 0:00:07] This bishop pair is nice.} h5 25. h4 Ba7 26. Kf1 Rd8 27. Rd1 Kf8 28. Bc3 g6 29. Rd2 Rd7 30. Ke2 Ke8 31. a4 Kf8 32. b5 axb5 33. axb5 Nd8 34. Ba5 Bc5 $1 {[%emt 0:00:35] The position is equal.} 35. f3 b6 36. Bc3 Ke7 37. g4 Ne6 38. Kf1 {[%emt 0:06:42] Weighted Error Value: White=0.08 (flawless) /Black=0.05 (flawless)} 1/2-1/2

[Event "Czech Championship Women 2022"]
[Site "Jaromerice nad Rokytnou"]
[Date "2022.05.24"]
[Round "3.5"]
[White "Zelbova, Lada"]
[Black "Nemcova, Karin"]
[Result "1-0"]
[ECO "B92"]
[WhiteElo "1967"]
[BlackElo "2181"]
[Annotator "TA"]
[PlyCount "99"]
[EventDate "2022.05.24"]
[EventType "tourn"]
[EventCountry "CZE"]
[SourceTitle "playchess.com"]
[Source "ChessBase"]
[SourceQuality "1"]
[TimeControl "40/5400+30:1800+30"]

1. e4 c5 2. Nf3 d6 3. d4 cxd4 4. Nxd4 Nf6 5. Nc3 a6 6. Be2 e5 7. Nb3 Be7 8. Be3 Be6 9. Nd5 $1 {[%emt 0:00:57][%mdl 4] now scores much better than the old 9.0-0.} Nbd7 10. Qd3 Rc8 {[%emt 0:01:26] B92: Sicilian Najdorf: 6 Be2.} 11. a4 O-O (11... Bxd5 $5 12. exd5 Nb6 $11) 12. O-O {[%emt 0:02:24] [#]} Nc5 $146 (12... Bxd5 $11 13. exd5 Nb6) ({Predecessor:} 12... Bxd5 13. exd5 Nb6 14. Bxb6 Qxb6 15. a5 Qb4 16. c4 Nd7 17. Ra3 f5 18. Qc2 Bg5 {½-½ (30) Kubicki,T (2312)-Chomicki,H (2295) ICCF email 2003}) 13. Nxc5 dxc5 14. c4 Nd7 ({Black should try} 14... Bxd5 $14 15. cxd5 (15. exd5 Bd6 $14) 15... c4) 15. a5 $16 Bg5 16. Rfd1 Bxe3 17. Qxe3 Qe8 18. Ra3 {[%emt 0:08:54] 0x0.0024d8119b27dp-1022s more active pieces.} Nb8 $2 {[%emt 0:09:00][%mdl 8192] [#]} (18... Rb8 $16 19. Rad3 Bxd5) 19. Qb3 $2 (19. Nf6+ $1 $18 Kh8 20. Nxe8 Rfxe8 21. Qb3) 19... Bxd5 (19... f6 $14) 20. cxd5 $18 (20. exd5 $6 Qe7 $16) 20... Qd7 21. Qg3 Qd6 22. Rb3 Nd7 (22... b5 $142) 23. Rxb7 Rb8 24. Ra7 (24. Bxa6 $6 Qxa6 25. Rxd7 Qxa5 $16) 24... Rxb2 25. Rxa6 (25. Bxa6 $6 Nf6 $16) 25... Qb8 26. Bg4 (26. Bf1 $18) 26... Rb3 $16 27. Qh4 (27. Bxd7 $2 Rxg3 28. hxg3 Qb7 $19) 27... Rb1 {[%emt 0:01:08] Strongly threatening ...Qb3.} 28. h3 $1 Qb3 {[%emt 0:07:27] [#]} 29. Rxb1 $40 {[%emt 0:03:12][%mdl 128] White goes for the king.} (29. Qh5 $2 g6 30. Qg5 Rxd1+ $19) 29... Qxb1+ 30. Kh2 Qxe4 31. Qg3 f5 $2 (31... Qxd5 $14 32. Bxd7 Qxd7) 32. Bf3 $18 Qd4 33. Ra7 Qa4 {[%emt 0:02:01] [#]} (33... Rf7 34. Be2 (34. Qg5 h6 $16) 34... g6) 34. Bd1 $1 {[%emt 0:03:54][%mdl 512] White is clearly winning.} Qb5 35. Qg5 {[%emt 0:00:26] aiming for Qe7.} g6 (35... Rf6 $142 36. Be2 Qa4) 36. Qe7 Rf7 37. Qe8+ Kg7 38. a6 c4 39. Qe6 {[%emt 0:02:56] White wants to mate with Rb7.} c3 40. Rb7 c2 41. Bxc2 ({Not} 41. Rxb5 cxd1=Q 42. a7 (42. Rb7 Qd4 $11) 42... Qa4 $11) 41... Qc4 42. Rxd7 Qf4+ 43. Kg1 Qc1+ {[%emt 0:00:02] [#]} 44. Bd1 $1 Qxd1+ 45. Kh2 Rxd7 46. Qxd7+ Kh6 47. Qa7 Qxd5 48. Qb6 (48. Qb7 Qd4 $18) 48... f4 49. a7 ({Less strong is} 49. Qb7 Qa2 $16) 49... Qa2 50. Qc5 {[%emt 0:00:00] Weighted Error Value: White=0.55/Black=0.52} ({Stronger than} 50. Qb7 Qxf2 51. Kh1 (51. a8=Q Qg3+ 52. Kh1 Qe1+ 53. Kh2 Qg3+ 54. Kh1 Qe1+ 55. Kh2 Qg3+ $11) 51... Qe1+ 52. Kh2 Qg3+ 53. Kh1 Qe1+ 54. Kh2 Qg3+ 55. Kh1 Qe1+ $11) 1-0

[Event "Czech Championship Women 2022"]
[Site "Jaromerice nad Rokytnou"]
[Date "2022.05.24"]
[Round "4.1"]
[White "Pilsova, Karolina"]
[Black "Nemcova, Karin"]
[Result "1/2-1/2"]
[ECO "B90"]
[WhiteElo "2229"]
[BlackElo "2181"]
[Annotator "TA"]
[PlyCount "87"]
[EventDate "2022.05.24"]
[EventType "tourn"]
[EventCountry "CZE"]
[SourceTitle "playchess.com"]
[Source "ChessBase"]
[SourceQuality "1"]
[TimeControl "40/5400+30:1800+30"]

1. e4 c5 2. Nf3 d6 3. d4 cxd4 4. Nxd4 Nf6 5. Nc3 a6 6. Be3 e5 7. Nf3 Be7 8. Bc4 O-O 9. O-O Be6 10. Qe2 {[%emt 0:01:53] B90: Sicilian Najdorf: Unusual White 6th moves, 6 Be3 Ng4 and 6 Be3 e5.} b5 11. Bb3 h6 12. Rfd1 {[%emt 0:11:44] And now Nxe5 would win. White is slightly better.} Nbd7 13. Nh4 b4 14. Na4 Nxe4 15. Bxe6 fxe6 16. Ng6 {[%emt 0:01:21] Threatens to win with Qg4.} Rf6 17. Nxe7+ Qxe7 {[%emt 0:00:21] [#]} 18. Qc4 $146 (18. f3 $11 Ng5 19. Qc4) ({Predecessor:} 18. f3 Ng5 19. Bxg5 hxg5 20. Qc4 Rb8 21. Qxa6 d5 22. Qa7 Rff8 23. b3 Ra8 24. Qe3 {0-1 (37) Kover,W (2235)-Dearnley,A (2315) ICCF corr 2003}) 18... Ng5 $2 (18... d5 $1 $15 {stays ahead.} 19. Rxd5 Raf8) 19. Bxg5 (19. Qxb4 Nf7 $14) 19... hxg5 {[%emt 0:00:08] [#]} 20. Qxb4 ({Better is} 20. Qc6 $1 $16 Raf8 21. Qxd6 (21. Rxd6 Nb8 $11)) 20... Nc5 (20... Qf7 $1 $11 {remains equal.}) 21. Nxc5 $16 dxc5 22. Qe4 $36 {[%emt 0:00:39][%csl LRa8,LRe5][%mdl 2048] White is really pushing.} Raf8 23. Rd2 Qf7 24. Rf1 (24. Qxe5 $6 Rxf2 25. Qe1 (25. Rxf2 $2 Qxf2+ 26. Kh1 Qf1+ 27. Rxf1 Rxf1#) 25... Rf4 $11) 24... Rf5 25. Qc6 g4 26. Qxc5 ({Don't play} 26. Qxa6 Rh5 27. Rfd1 e4) 26... Rh5 27. Qe3 {[%emt 0:02:54] Active counter play!} Qg6 28. Rfd1 Rf3 $2 (28... Qf5 29. Re2 Rf6) 29. Rd8+ $18 (29. gxf3 {gets mated.} gxf3+) 29... Kh7 30. Qd2 $2 (30. gxf3 $18 gxf3+ 31. Kf1) 30... Rhf5 {[%emt 0:06:31] [#]} 31. Rc8 $2 (31. gxf3 {is a self mate.} gxf3+) ({Only move:} 31. Rf1 $1 $18) 31... Rxf2 $11 32. Qxf2 Rxf2 33. Kxf2 {[%emt 0:00:04][%mdl 4096] Endgame KQ-KRR} Qf5+ 34. Kg1 e4 (34... Qe4 $11 {deserves consideration.}) 35. Rc3 (35. Re1 $14) 35... e3 36. Rxe3 {[%emt 0:00:33] Strongly threatening Rdd3.} Qxc2 37. Rde1 Qxb2 38. a3 a5 39. R1e2 Qd4 40. Kh1 e5 41. Re1 Qa4 42. h3 gxh3 43. Rxh3+ Kg6 44. Rhe3 {[%emt 0:00:00] Black defended with fortune.  Weighted Error Value: White=0.39/Black=0.24 (precise)} 1/2-1/2

[Event "Czech Championship Women 2022"]
[Site "Jaromerice nad Rokytnou"]
[Date "2022.05.24"]
[Round "4.2"]
[White "Petrova, Kristyna"]
[Black "Zelbova, Lada"]
[Result "1-0"]
[ECO "B21"]
[WhiteElo "2264"]
[BlackElo "1967"]
[Annotator "TA"]
[PlyCount "77"]
[EventDate "2022.05.24"]
[EventType "tourn"]
[EventCountry "CZE"]
[SourceTitle "playchess.com"]
[Source "ChessBase"]
[SourceQuality "1"]
[TimeControl "40/5400+30:1800+30"]

1. e4 c5 2. Be2 Nc6 3. f4 e6 4. Nf3 d5 5. d3 g6 6. O-O {[%emt 0:00:35] B21: Sicilian: 2 f4 and Morra Gambit.} Bg7 7. c3 Nge7 8. Qe1 {[%emt 0:01:30] The position is equal.} O-O 9. Be3 b6 10. Na3 Ba6 11. Rd1 Qc7 {[%emt 0:06:33] [#]} 12. e5 $146 ({Predecessor:} 12. Bc1 b5 13. Nc2 b4 14. c4 dxc4 15. dxc4 Rad8 16. Qf2 Rxd1 17. Rxd1 Qa5 18. e5 {0-1 (50) Hopman,P (2346)-Wiersma,E (2320) Wijk aan Zee 2014}) 12... Nf5 13. Bf2 h5 14. d4 c4 {[%emt 0:00:45] White leaves nothing to chance now.} (14... Bxe2 $11 {keeps the balance.} 15. Qxe2 cxd4) 15. h3 $16 b5 16. Nc2 {[%emt 0:01:06] Inhibits b4.} Bc8 (16... b4 $16 {was necessary.}) 17. g4 $1 $18 hxg4 (17... Nh6 {might work better.}) 18. hxg4 Nh6 {[%emt 0:00:12] [#]} 19. Ne3 b4 20. Bh4 {[%emt 0:04:21] And now Bg5 would win.} (20. cxb4 Qb7 21. b5 Qxb5 $16) 20... bxc3 21. bxc3 Kh7 22. Bg5 Rh8 23. Kg2 Kg8 24. Rb1 Rb8 25. Rh1 Kf8 (25... Rxb1 {keeps fighting.} 26. Qxb1 Bd7) 26. Qc1 Rxb1 27. Qxb1 Qb8 {[%emt 0:04:59] [#]} (27... Ng8 $142 28. Rxh8 Bxh8) 28. Qc1 $1 Ng8 29. Qa3+ Ke8 30. Rxh8 {[%emt 0:00:12] Dancing on a razor blade.} Bxh8 31. f5 {[%emt 0:00:10] Hoping for f6.} exf5 (31... Bg7 32. fxe6 fxe6) 32. gxf5 Bxf5 33. Nxd5 Bg7 (33... Be4 $142) 34. Bxc4 Bf8 35. Qa4 Bd7 36. Qb3 {[%emt 0:00:59][%cal Od5c7] Threatening mate with Nc7+!} Be6 37. Qxb8+ {[%emt 0:00:20] White mates.} Nxb8 38. Bb5+ Nd7 39. Nc7# {[%emt 0:00:05] Weighted Error Value: White=0.09 (flawless) /Black=0.52} 1-0

[Event "Czech Championship Women 2022"]
[Site "Jaromerice nad Rokytnou"]
[Date "2022.05.24"]
[Round "4.3"]
[White "Lhotska, Anna"]
[Black "Richterova, Natasa"]
[Result "1-0"]
[ECO "C50"]
[WhiteElo "2029"]
[BlackElo "2181"]
[Annotator "TA"]
[PlyCount "69"]
[EventDate "2022.05.24"]
[EventType "tourn"]
[EventCountry "CZE"]
[SourceTitle "playchess.com"]
[Source "ChessBase"]
[SourceQuality "1"]
[TimeControl "40/5400+30:1800+30"]

1. e4 e5 2. Nf3 Nc6 3. Bc4 Bc5 4. O-O Nf6 5. d4 Nxd4 6. Nxe5 O-O {[%emt 0:03:36] C50: Hungarian Defence and Giuoco Pianissimo.} (6... Qe7 $14 7. Bxf7+ Kf8) 7. Be3 $16 Ne6 8. Bxe6 {[%emt 0:04:00] White is much more active. The black rooks are badly placed.} Bxe3 {[%emt 0:00:12] White is clearly better.} 9. Bxf7+ (9. fxe3 fxe6 10. Nc3 d6 $11) 9... Kh8 10. Bb3 ({Don't play} 10. fxe3 d6 $16) 10... Qe7 11. Nf7+ $1 ({Resist} 11. fxe3 Qxe5 12. Qd4 d6 $16) 11... Rxf7 12. Bxf7 {[%emt 0:00:07] [#]} ({But not} 12. fxe3 $6 Rf8 $16) 12... Bf4 $146 ({Predecessor:} 12... Bxf2+ 13. Rxf2 Qxf7 14. e5 d6 15. exf6 Bd7 16. fxg7+ Qxg7 17. c3 Bc6 18. Qd4 Re8 {1-0 (38) Harivardhini,I (1714)-Aditi,A (1587) Chennai 2016}) 13. Bc4 d5 14. exd5 Bg4 {[%emt 0:04:23] [#]} 15. Qd3 Qe5 16. h3 Bf5 17. Qc3 Qd6 18. Nd2 Rf8 19. Rae1 c6 20. Re2 {[%emt 0:04:34] [#] Strongly threatening dxc6.} cxd5 (20... b5 $142 21. Bd3 Nxd5) 21. Bd3 $18 Bd7 22. Rfe1 a6 23. Nb3 b6 24. Nd4 Rc8 $2 (24... Bh2+ 25. Kh1 Bf4) 25. Qb3 b5 26. Nf5 Qc5 27. c3 Rf8 28. Nd4 Bb8 29. Qb4 Qc8 (29... Bd6 $142 30. Qxc5 Bxc5) 30. Ne6 {[%emt 0:00:51] White is clearly winning.} Re8 (30... Bxe6 $142 31. Rxe6 Ba7) 31. Ng5 {[%emt 0:01:25] White threatens Rxe8+ and mate.} Rxe2 32. Rxe2 {[%emt 0:00:16] Threatens to win with Re7.} Ba7 (32... h6 $142 33. Nf3 Bc7) 33. Qh4 Bf5 34. Nf7+ Kg8 35. Nd6 {[%emt 0:00:14][%csl LRc8,LRf5] White took control after the opening.  Weighted Error Value: White=0.49/Black=0.30} 1-0